cohdb
Replays
Latest Replays
All Replays
Popular Replays
Top Player Replays
Match Explorer
How It Works
Community
CoH3 Stats
Reddit
Sign in to upload your games and track your stats! →
Sign in with Steam
Match 39694000
Unlisted
Match 39694000
Overview
Messages
Build Orders
End
Construct Infanterie Kompanie
MG 42 Machine Gun Team
Grenadier Squad
Grenadier Squad
Grenadier Squad
Construct Panzergrenadier Kompanie
Selects Breakthrough Battlegroup
251 Medium Carrier
Pak 40 Anti-tank Gun Team
Pak 40 Anti-tank Gun Team
Selects Rapid Production
Pioneer Squad
Construct Panzer Kompanie
Stoßtruppen Squad
Stoßtruppen Squad
HI
乔龙迪克
Bruistablet
jja9597
0
0
Comments
sign in to comment!
No comments posted yet!